 Dungeon Crawl Stone Soup version 0.31-a0-983-g7b6862f (webtiles) character file.

Game seed: 8536599186334588417

974 PurpleRed the Sneak (level 7, -6/44 HPs)
             Began as a Deep Elf Delver on Nov 2, 2023.
             Was an Initiate of Okawaru.
             Mangled by an orc warrior
             ... wielding a +0 flail
              (14 damage)
             ... on level 5 of the Dungeon.
             The game lasted 00:10:08 (4108 turns).

PurpleRed the Sneak (Deep Elf Delver)               Turns: 4108, Time: 00:10:08

Health: -6/44      AC:  6    Str:  9    XL:     7   Next: 95%
Magic:  9/9        EV:  8    Int: 15    God:    Okawaru [......]
Gold:   136        SH:  8    Dex: 18    Spells: 6/6 levels left

rFire   . . .        n - +1 dagger (venom)
rCold   . . .        q - +0 kite shield
rNeg    . . .        h - +0 ring mail
rPois   .            k - +0 helmet
rElec   .            (no cloak)
rCorr   .            (no gloves)
SInv    +            (no boots)
Will    .....        (no amulet)
Stlth   +++          l - ring of see invisible
HPRegen 0.27/turn    (no ring)
MPRegen 0.11/turn

%: no passive effects
@: no status effects
A: no striking features
a: Renounce Religion


You were on level 5 of the Dungeon.
You worshipped Okawaru.
Okawaru was noncommittal.
You visited 1 branch of the dungeon, and saw 6 of its levels.

You collected 166 gold pieces.
You spent 30 gold pieces at shops.

Inventory:

Hand Weapons
 a - a +0 short sword
 n - a +1 dagger of venom (weapon)
 u - a +1 dagger of speed
 x - a +0 falchion of holy wrath
Armour
 b - a +0 leather armour
 h - a +0 ring mail (worn)
 k - a +0 helmet (worn)
 q - a +0 kite shield (worn)
 t - the +0 robe of the Volcano {rF+ Dex+3}
   (You found it on level 3 of the Dungeon)

   Dex+3:     It affects your dexterity (+3).
   rF+:       It protects you from fire.
Jewellery
 l - a ring of see invisible (left hand)
Talismans
 s - a talisman of death
Wands
 d - a wand of mindburst (7)
 g - a wand of digging (3)
 i - a wand of roots (13)
Scrolls
 c - a scroll of fog
 e - 3 scrolls of fear
 m - 2 scrolls of butterflies
 v - a scroll of teleportation
Potions
 f - 3 potions of haste
 j - a potion of curing
 o - 2 potions of lignification
 p - a potion of heal wounds
 w - a potion of berserk rage {unknown}


   Skills:
 + Level 5.3 Fighting
 - Level 4.3(5.7) Short Blades
 * Level 5.2(5.9) Long Blades
 - Level 2.4 Dodging
 - Level 6.0 Stealth


You had 6 spell levels left.
You didn't know any spells.
Your spell library contained the following spells:

 Spells                   Type           Power      Damage    Failure   Level
 Blink                    Tloc           0%         N/A       100%        2
 Lesser Beckoning         Tloc           0%         N/A       100%        2
 Momentum Strike          Conj/Tloc      0%         3d8       100%        2


Dungeon Overview and Level Annotations

Branches:
Dungeon (6/15)
 Temple: D:4-7

Altars:
Okawaru

Shops:
D:4 ?

Annotations:
D:4 2 transporters, ultrashaft's ghost, amateur MiFi


Message History

Okawaru accepts your kill.
The orc wizard casts a spell.
The orc wizard flickers and vanishes for a moment.
You closely miss the orc warrior. You barely miss the orc warrior.
The orc warrior hits you with a +0 flail.
You hit the orc warrior but do no damage.
The orc warrior is poisoned.
You block the orc warrior's attack.
You hit the orc warrior but do no damage.
The orc warrior looks as sick as possible!
The orc warrior hits you with a +0 flail!
You block the orc wizard's attack.
You barely miss the orc warrior.
The orc warrior is lightly wounded.
You block the orc warrior's attack. The orc wizard closely misses you.
You hit the orc wizard.
The orc wizard is poisoned.
The orc wizard is lightly wounded.
The orc warrior barely misses you. The orc wizard casts a spell at you.
You easily resist.
You hit the orc wizard.
The orc wizard looks as sick as possible!
The orc wizard is moderately wounded.
You block the orc warrior's attack.
The orc wizard hits you with a +0 flail.
You hit the orc warrior but do no damage.
The orc warrior looks as sick as possible!
The orc warrior is heavily wounded.
You block the orc warrior's attack. The orc wizard closely misses you.
You hit the orc wizard but do no damage.
The orc wizard is heavily wounded.
The orc warrior hits you with a +0 flail!
* * * LOW HITPOINT WARNING * * *
You block the orc wizard's attack. The orc hits you with a +0 short sword.
* * * LOW HITPOINT WARNING * * *
You closely miss the orc wizard.
The orc wizard is heavily wounded.
The orc warrior jeers noisily.
The orc warrior hits you with a +0 flail!
You die...

#.##.#...............#
.....................#
#.##......####.......####
..##......####..........#
#..'................<...#
#.##......###.##'#'#....#
#.##......###..#.#.#.#'##
#.##...........o...#...#
...#......####.#@..#...#
##.#####.......oo......#
*.*****.#####/##.####.#
*..,,,,,#*,...,#.#***.#
**********.#.*,,..,,,.#
*,.>,..*,,.##****
**.,.#**,,.#**
*,#.,,,,,..,*
*,******,**,*


You could see an orc warrior (extremely poisoned), an orc wizard (invisible,
very poisoned) and an orc.

Vanquished Creatures
  Grinder (D:5)
  A water moccasin (D:4)
  A black bear (D:5)
  A phantom (D:4)
  Blork the orc (D:5)
  A scorpion (D:5)
  2 orc priests
  A gnoll bouda (D:3)
  2 iguanas (D:5)
  4 gnolls (D:3)
  9 adders
  2 ufetubi (D:5)
  2 worms
  3 dart slugs
  7 orcs
  6 endoplasms
  7 giant cockroaches
  8 goblins
  6 hobgoblins
  7 jackals
  5 quokkas
  6 ball pythons
  2 bats (D:2)
  3 frilled lizards
  7 kobolds
  12 rats
107 creatures vanquished.

Notes
Turn   | Place    | Note
-------+----------+-------------------------------------------
     0 | D:5      | PurpleRed the Deep Elf Delver began the quest for the Orb.
     0 | D:5      | Reached XP level 1. HP: 13/13 MP: 3/3
     1 | D:6      | Noticed a gnoll sergeant
     6 | D:5      | Noticed Grinder
    69 | D:5      | Killed Grinder
    70 | D:5      | Reached XP level 2. HP: 20/20 MP: 4/4
    70 | D:5      | Reached XP level 3. HP: 24/24 MP: 5/5
    70 | D:5      | Reached XP level 4. HP: 29/29 MP: 6/6
    70 | D:5      | Reached XP level 5. HP: 33/33 MP: 7/7
   475 | D:1      | Reached skill level 1 in Long Blades
  1268 | D:2      | Reached XP level 6. HP: 38/38 MP: 8/8
  2376 | D:3      | Identified the +0 robe of the Volcano {rF+ Dex+3}
  2824 | D:4      | Noticed a water moccasin
  2834 | D:4      | Killed a water moccasin
  2835 | D:4      | Reached XP level 7. HP: 44/44 MP: 9/9
  2864 | D:4      | Found an iron altar of Okawaru.
  2872 | D:4      | Became a worshipper of Warmaster Okawaru
  3036 | D:4      | Found a transporter.
  3046 | D:4      | Noticed a two-headed ogre
  3054 | D:4      | Noticed ultrashaft's ghost (amateur MiFi)
  3249 | D:4      | Found Ysathuh's Magic Scroll Shoppe.
  3308 | D:4      | Bought a scroll of teleportation for 30 gold pieces
  3367 | D:4      | Found a transporter.
  3713 | D:5      | Noticed Blork the orc
  3749 | D:5      | Killed Blork the orc
  3750 | D:5      | Reached skill level 5 in Fighting
  3883 | D:5      | Reached skill level 5 in Long Blades
  4108 | D:5      | Mangled by an orc warrior

Illustrated notes

Levels and vault maps discovered:
D:1:      dpeg_arrival_ratfight, layout_basic, chequers_serial_rivers_micro_e,
          hex_tiny, corexii_leaking_fountain, chequers_arboretum
D:2:      layout_loops_ring, kennysheep_nondescript
D:3:      layout_basic
D:4:      layout_basic, kennysheep_okawaru_gauntlet, gammafunk_ghost_arena,
          st_stairs_4, kennysheep_small_square
D:5:      layout_basic, uniq_grinder, uniq_blork_the_orc
D:6:      layout_basic, nemelex_dance_club_becter

Skill      XL: |  1  2  3  4  5  6  7 |
---------------+----------------------+-----
Fighting       | 4 5 |  5.3
Short Blades   | 4 |  4.3
Long Blades    | 1 3 5 |  5.2
Dodging        | |  2.4
Stealth        | |  6.0

Action                     |  1- 3 |  4- 6 |  7- 9 || total
---------------------------+-------+-------+-------++-------
  Melee: Short sword       |       |    67 |       ||    67
         Dagger            |       |   142 |   179 ||   321
         Punch             |       |     1 |       ||     1
  Evoke: Wand              |     4 |       |       ||     4
    Use: Scroll            |     1 |       |     7 ||     8
   Stab: Sleeping          |       |    31 |     6 ||    37
         Distracted        |       |       |     1 ||     1
 Armour: Ring mail         |       |    87 |    94 ||   181
         Leather armour    |       |     1 |       ||     1
  Dodge: Dodged            |       |    64 |    71 ||   135
  Block: Kite shield       |       |       |    27 ||    27

Table legend: (Time is in decaauts)
 A = Elapsed time spent in this place.
 B = Non-inter-level travel time spent in this place.
 C = Inter-level travel time spent in this place.
 D = Time resting spent in this place.
 E = Time spent auto-exploring this place.
 F = Levels seen in this place.
 G = Mean time per level.
                   A        B        C        D        E       F      G
               +--------+--------+--------+--------+--------+-----+--------+
         Total |   4008 |   3843 |    165 |     48 |   2692 |   6 |  668.0 |
       Dungeon |   4008 |   3843 |    165 |     48 |   2692 |   6 |  668.0 |
               +--------+--------+--------+--------+--------+-----+--------+

Top non-repeatable levels by time:
     D:3: 958 daAuts
     D:4: 930 daAuts
     D:1: 853 daAuts
     D:2: 728 daAuts
     D:5: 532 daAuts
     D:6: 3 daAuts
